Cogmind - Beta 16.1 @@@ ROGUE MODE // 2026.02.18 @ 22:36:16 Player: Florist Result: Destroyed by G-73 Enforcer with Heavy Laser Performance ------------- Evolutions (8) 4000 Regions Visited (29) 5800 Robots Destroyed (183) 915 Value Destroyed (4626) 4626 Prototype IDs (71) 1420 Alien Tech Used (7) 1400 Bonus (14226) 14226 TOTAL SCORE: 32387 Bonus ------- Triggered Max Security 1000 Follower Combat Kills 2415 Hunted by Unchained 500 Aligned with FarCom 300 Met Data Miner 300 Met Zhirov 300 Built Enhanced Grunts 300 A7 Reached Mainframe 300 Found Hidden Lab 3000 Used Core Reset Matrix 3000 Scanned by Researcher 500 Pursued by Intercept 500 Met Sigix 2000 Friendly Fire -189 Cogmind --------- Core Integrity 0/1450 Matter 92/300 Energy 100/100 System Corruption 7% Temperature Cool (0) Movement Core (50) Location -2/Quarantine Parts ------- > --- POWER (2) -------- (None) > --- PROPULSION (9) --- (None) > --- UTILITY (10) ----- (None) > --- WEAPON (3) ------- (None) > --- INVENTORY (5) ---- Sigix Containment Pod Sigix Corpse Sigix Corpse Sigix Corpse Peak State ------------ > --- POWER ------------ Fusion Reactor Light Quantum Reactor > --- PROPULSION ------- Cooled Nuclear Pulse Thruster Cooled Nuclear Pulse Thruster Cooled Nuclear Pulse Thruster Q-thruster Q-thruster Q-thruster Improved Diametric Drive Cooled Impulse Thruster Cooled Impulse Thruster > --- UTILITY ---------- Advanced Power Amplifier Advanced Cooling System Medium Storage Unit Spectral Analyzer Advanced Signal Interpreter Advanced Transmission Jammer Advanced Reaction Control System Medium Regenerative Plating Advanced System Shield Quantum Router > --- WEAPON ----------- Improved Plasma Cutter Nanosword Nanosword > --- INVENTORY -------- Advanced Power Amplifier System Restoration Module Splice Drone Bay Transdimensional Reconstructor Core Regenerator Core Reset Matrix Gamma Bomb Array Advanced Remote Datajack [Rating: 184] Favorites ----------- Power Ion Engine Engine Ion Engine Power Core Light Fission Core Reactor Fusion Reactor Propulsion Q-thruster Treads Light Treads Hover Unit Improved Gravmag System Flight Unit Q-thruster Utility Medium Storage Unit Device Advanced Cooling System Storage Medium Storage Unit Processor Advanced Signal Interpreter Hackware Advanced System Shield Protection Light Armor Plating Weapon Blade Saw Energy Gun Medium Laser Energy Cannon Improved EM Pulse Cannon Ballistic Gun Assault Rifle Launcher Grenade Launcher Special Weapon Improved Plasma Cutter Impact Weapon Makeshift Hammer Slashing Weapon Blade Saw Build | -11 -10 -10 -10 -9 -8 -7 -7 -7 -6 -6 -6 -6 -5 -5 -5 -5 -5 -4 -4 -4 -4 -4 -4 -4 -3 -3 -3 -2 -2 ------- Run | Yrd Mat Min Exi Min Mat Fac Low Low Fac Low Low Dat Pro Fac Upp Upp Zhi Pro Fac Was Fac Ext Cet Arc Res Arm Lab Res Qua Slots Evolved 16 | . . . . . 4 2 . . 2 . . . . 2 . . . . 2 . . . . . 2 . . 2 . Power 1 | . . . . . . . . . . . . . . 1 . . . . . . . . . . . . . . . Propulsion 6 | . . . . . 2 1 . . . . . . . . . . . . 1 . . . . . 1 . . 1 . Utility 8 | . . . . . 2 . . . 2 . . . . 1 . . . . 1 . . . . . 1 . . 1 . Weapon 1 | . . . . . . 1 . . . . . . . . . . . . . . . . . . . . . . . Parts Attached 157 | 7 5 6 1 2 30 15 . 1 12 2 2 1 4 20 . . 7 1 2 . 8 4 2 . 12 6 2 3 2 Power 14 | 1 . 1 . . 1 . . . 1 1 . . 1 3 . . 1 . 1 . . . . . 2 . . 1 . Engine 6 | 1 . 1 . . 1 . . . . 1 . . . 1 . . . . . . . . . . 1 . . . . Core 4 | . . . . . . . . . 1 . . . 1 2 . . . . . . . . . . . . . . . Reactor 4 | . . . . . . . . . . . . . . . . . 1 . 1 . . . . . 1 . . 1 . Propulsion 46 | 2 1 1 1 . 14 5 . . 2 . 1 . 1 7 . . 3 . . . . . 1 . 2 2 . 2 1 Treads 14 | 2 1 1 1 . 8 . . . . . . . . . . . . . . . . . 1 . . . . . . Leg . | . . . . . . . . . . . . . . . . . . . . . . . . . . . . . . Wheel . | . . . . . . . . . . . . . . . . . . . . . . . . . . . . . . Hover 2 | . . . . . . . . . . . . . 1 1 . . . . . . . . . . . . . . . Flight 30 | . . . . . 6 5 . . 2 . 1 . . 6 . . 3 . . . . . . . 2 2 . 2 1 Utility 65 | 2 2 2 . 1 8 6 . . 8 1 . 1 2 9 . . 3 1 1 . 7 1 . . 5 3 2 . . Device 27 | 1 . . . 1 4 1 . . 5 . . 1 1 5 . . 1 1 . . 4 . . . 1 1 . . . Storage 7 | 1 1 . . . 1 . . . . . . . . . . . . . . . 1 1 . . . 2 . . . Processor 8 | . . . . . 1 1 . . 1 1 . . . 3 . . . . . . . . . . 1 . . . . Hackware 13 | . . . . . 1 3 . . 2 . . . . . . . 2 . 1 . 1 . . . 2 . 1 . . Protection 10 | . 1 2 . . 1 1 . . . . . . 1 1 . . . . . . 1 . . . 1 . 1 . . Artifact . | . . . . . . . . . . . . . . . . . . . . . . . . . . . . . . Weapon 32 | 2 2 2 . 1 7 4 . 1 1 . 1 . . 1 . . . . . . 1 3 1 . 3 1 . . 1 Energy Gun 5 | 1 1 1 . . 1 1 . . . . . . . . . . . . . . . . . . . . . . . Energy Cannon 3 | . . . . . 3 . . . . . . . . . . . . . . . . . . . . . . . . Ballistic Gun 5 | 1 1 1 . . 1 . . . . . . . . . . . . . . . . . 1 . . . . . . Ballistic Cannon . | . . . . . . . . . . . . . . . . . . . . . . . . . . . . . . Launcher 4 | . . . . 1 . . . . . . . . . 1 . . . . . . . . . . . 1 . . 1 Special Weapon 2 | . . . . . . . . . . . . . . . . . . . . . . 2 . . . . . . . Impact Weapon 3 | . . . . . . 2 . . . . 1 . . . . . . . . . . . . . . . . . . Slashing Weapon 10 | . . . . . 2 1 . 1 1 . . . . . . . . . . . 1 1 . . 3 . . . . Piercing Weapon . | . . . . . . . . . . . . . . . . . . . . . . . . . . . . . . Special Melee Weapon . | . . . . . . . . . . . . . . . . . . . . . . . . . . . . . . Unidentified Prototypes 27 | . . . . 1 6 1 . . . 1 . . . 1 . . 3 . . . 1 . 2 . 3 4 2 . 2 Corrupted Parts 3 | . . . . . 3 . . . . . . . . . . . . . . . . . . . . . . . . System Corruption 23 | . . . . . 23 . . . . . . . . . . . . . . . . . . . . . . . . Parts Lost 33 | . 2 1 . . 5 . . . 1 . . 6 1 . . 1 . . . . . 1 . . . . . 2 13 Power 5 | . . 1 . . . . . . . . . 1 1 . . . . . . . . . . . . . . . 2 Propulsion 11 | . . . . . . . . . 1 . . 2 . . . . . . . . . 1 . . . . . 1 6 Utility 9 | . . . . . 2 . . . . . . 2 . . . . . . . . . . . . . . . . 5 Weapon 8 | . 2 . . . 3 . . . . . . 1 . . . 1 . . . . . . . . . . . 1 . Highest Loss Streak 13 | . 1 1 . . 3 . . . 1 . . 4 1 . . 1 . . . . . 1 . . . . . 2 13 To Critical Strikes 1 | . . . . . . . . . . . . . . . . . . . . . . . . . . . . . 1 Average Backups 11 | 3 9 19 19 19 18 8 9 9 8 8 8 4 8 8 9 9 9 9 8 9 9 8 8 8 8 8 8 8 6 Power . | . 1 1 . . . . . . . . 1 . . . . . . . . . . . . . . . . . . Propulsion 3 | 1 5 9 8 8 6 . . . . . . . . 2 3 2 2 2 1 1 1 . . . 1 1 1 . . Utility 4 | . 2 5 6 6 6 5 6 6 4 4 5 3 5 4 4 4 4 4 4 5 5 4 5 5 4 3 3 3 1 Weapon 2 | . . 2 4 5 5 2 3 3 4 3 2 1 3 1 1 1 1 1 1 1 1 1 1 1 1 2 1 1 1 Tool/Special . | . . . . . . . . . . . . . . . . . . . . . . . . . . . . . . Unused Backups 31 | . . 5 1 . 11 4 . . 2 . . . . 1 1 . . . . . . . . . 1 1 . . 4 Power 4 | . . . 1 . . 1 . . 1 . . . . 1 . . . . . . . . . . . . . . . Propulsion 11 | . . 4 . . 5 1 . . . . . . . . . . . . . . . . . . . 1 . . . Utility 9 | . . 1 . . 1 2 . . 1 . . . . . 1 . . . . . . . . . 1 . . . 2 Weapon 5 | . . . . . 5 . . . . . . . . . . . . . . . . . . . . . . . . Tool/Special 2 | . . . . . . . . . . . . . . . . . . . . . . . . . . . . . 2 Average Slot Usage (%) 94 | . 99 99 100 99 93 99 100 100 86 85 93 94 65 91 97 95 90 94 93 95 94 90 93 95 96 97 97 94 73 Engine 6 | . 14 13 14 14 9 7 7 7 . 3 6 5 . 3 4 5 5 5 3 . . . . . . . . . . Reactor 2 | . . . . . . . . . . . . . . . . . 2 5 6 10 10 10 10 10 8 9 9 8 6 Treads 11 | . 28 28 28 28 34 . . . . . . . . . . . . . . . . . . . . . . . . Flight 21 | . . . . . . 38 38 38 33 32 35 35 25 30 33 33 31 33 35 35 35 35 34 35 35 36 36 36 29 Device 9 | . 4 2 . 12 15 . 7 7 11 6 6 12 6 6 10 11 11 11 10 10 14 14 15 15 14 15 13 15 12 Storage 7 | . 14 14 14 14 9 7 7 7 6 6 6 1 6 5 5 5 5 5 5 5 5 5 5 5 4 4 4 4 3 Processor 5 | . . . . . 1 7 7 7 6 12 12 12 12 11 11 11 11 11 10 10 10 10 10 10 9 9 9 8 6 Hackware 4 | . . . . . . 7 . . 5 6 6 6 6 5 5 5 6 11 14 15 10 10 10 10 10 9 9 8 6 Protection 5 | . 9 11 14 . 9 6 7 7 5 6 6 4 . 3 5 5 2 . . . . . . . . . 2 2 2 Energy Gun 2 | . 14 5 . . . . . . . . . . . . . . . . . . . . . . . . . . . Energy Cannon 1 | . . . . . 13 . . . . . . . . . . . . . . . . . . . . . . . . Ballistic Gun 4 | . 13 22 28 17 . . . . . . . . . . . . . . . . . . . . . . . . . Impact Weapon 2 | . . . . . . 3 7 5 5 6 6 6 4 4 5 5 5 5 4 5 5 . . . . . . . . Slashing Weapon 4 | . . . . . . 18 15 17 2 . 7 8 . 10 11 6 5 5 5 5 4 4 5 5 6 9 9 8 4 Peak Build Rating 184 | 7 9 10 12 18 36 49 48 48 61 75 75 80 67 94 93 94 98 99 113 113 125 128 128 126 159 164 169 184 179 Average Rating 61 | 5 7 9 10 11 30 41 48 47 53 60 68 69 48 83 91 91 93 98 108 113 121 121 124 126 145 158 163 175 137 On Entrance 80 | . 7 9 10 12 11 34 48 48 48 54 75 73 61 58 93 93 91 98 98 113 113 120 120 126 126 159 155 169 178 Avg Prop Armor Cover (%) 4 | . 8 . . . . . . . . . . . 7 6 . . . . . . . 3 . . . . . 1 1 Naked Turns 43 | . . . . . . . . . . . . . . . . . . . . . . . . . . . . . 43 Heaviest Build 68 | 15 52 53 53 58 68 30 30 30 30 38 34 34 31 39 39 39 37 35 42 42 50 51 46 46 54 51 54 60 58 Greatest Support 86 | 40 40 40 40 40 86 30 30 30 30 30 36 36 24 42 45 42 42 42 50 50 50 50 80 48 58 60 60 66 64 Greatest Overweight (x) 1 | . 1 1 1 1 1 . . . 1 1 . 1 1 . . . 1 . . . . 1 1 . . . . . 1 Average Overweight (x) . | . . 1 1 1 . . . . . . . . . . . . . . . . . . . . . . . . . Largest Inventory Capacity 20 | 8 20 20 20 20 20 10 10 10 10 10 10 10 10 10 10 10 10 10 10 10 10 10 10 10 10 10 10 10 10 Average Capacity 13 | 7 14 20 20 20 19 10 10 10 10 10 10 5 10 10 10 10 10 10 10 10 10 10 10 10 10 10 10 10 9 Most Carried 20 | 4 17 20 20 20 20 10 10 10 10 10 10 10 10 10 10 10 10 10 10 10 10 10 10 9 10 10 10 9 10 Average Carried 12 | 3 9 19 19 19 19 9 10 10 9 9 9 5 9 9 10 10 9 10 9 10 10 9 9 9 9 9 9 8 8 Final Capacity 20 | 8 20 20 20 20 10 10 10 10 10 10 10 10 10 10 10 10 10 10 10 10 10 10 10 10 10 10 10 10 5 Final Carried 20 | 4 17 20 20 20 10 10 10 10 10 9 10 8 10 10 10 10 10 10 10 10 10 10 9 9 10 9 9 8 5 Class Distribution -------------------- 24% | Mutant 16% | Scout 15% | Sprinter 14% | Scavenger-Mutant 12% | Hacker-Sprinter 10% | Commander-Sprinter 4% | Hacker-Scout Dominant Class ---------------- Mutant | -10/Materials Scavenger-Mutant | -10/Mines Scavenger-Mutant | -10/Exiles Mutant | -9/Mines Scavenger-Mutant | -8/Materials Sprinter | -7/Factory Sprinter | -7/Lower Caves Sprinter | -7/Lower Caves Scout | -6/Factory Scout | -6/Lower Caves Scout | -6/Lower Caves Sprinter | -6/Data Miner Scout | -5/Proximity Caves Scout | -5/Factory Scout | -5/Upper Caves Scout | -5/Upper Caves Scout | -5/Zhirov Hacker-Scout | -4/Proximity Caves Hacker-Scout | -4/Factory Hacker-Scout | -4/Waste Hacker-Sprinter | -4/Factory Hacker-Sprinter | -4/Extension Commander-Sprinter | -4/Cetus Commander-Sprinter | -4/Archives Commander-Sprinter | -3/Research Hacker-Sprinter | -3/Armory Hacker-Sprinter | -3/Lab Hacker-Sprinter | -2/Research Hacker-Sprinter | -2/Quarantine Resources | -11 -10 -10 -10 -9 -8 -7 -7 -7 -6 -6 -6 -6 -5 -5 -5 -5 -5 -4 -4 -4 -4 -4 -4 -4 -3 -3 -3 -2 -2 ----------- Run | Yrd Mat Min Exi Min Mat Fac Low Low Fac Low Low Dat Pro Fac Upp Upp Zhi Pro Fac Was Fac Ext Cet Arc Res Arm Lab Res Qua Matter Collected 3329 | 342 382 113 . 19 493 278 12 . 339 61 47 73 121 250 50 . . 61 88 . 70 150 40 10 170 160 . . . Remotely . | . . . . . . . . . . . . . . . . . . . . . . . . . . . . . . Salvage Created 8742 | 351 944 234 . 19 1299 727 . . 598 . 19 77 216 871 82 14 . . 211 . 656 796 . 323 1204 67 . 34 . Parts 337 | 34 50 21 . . 50 30 . . 24 . . . 1 8 . . . . 1 . 5 34 . 27 48 3 . 1 . Haulers Intercepted 23 | . 2 . . . 5 3 . . 1 . . . . 4 . . . . 2 . 1 . . . 5 . . . . Recyclers Shooed 10 | 1 5 1 . . . . . . . . . . . 1 . . . . . . 2 . . . . . . . . Parts Field Recycled . | . . . . . . . . . . . . . . . . . . . . . . . . . . . . . . Retrieved Matter . | . . . . . . . . . . . . . . . . . . . . . . . . . . . . . . Parts Self-Destructed . | . . . . . . . . . . . . . . . . . . . . . . . . . . . . . . Prevented 5 | . . . . . . . . 1 . 2 . . 2 . . . . . . . . . . . . . . . . Parts Restored . | . . . . . . . . . . . . . . . . . . . . . . . . . . . . . . Kills | -11 -10 -10 -10 -9 -8 -7 -7 -7 -6 -6 -6 -6 -5 -5 -5 -5 -5 -4 -4 -4 -4 -4 -4 -4 -3 -3 -3 -2 -2 ------- Run | Yrd Mat Min Exi Min Mat Fac Low Low Fac Low Low Dat Pro Fac Upp Upp Zhi Pro Fac Was Fac Ext Cet Arc Res Arm Lab Res Qua Combat Hostiles Destroyed 55 | . 17 7 . 2 14 4 . . 2 . . 1 . 2 . . . . . . . 6 . . . . . . . Melee 11 | . . . . . . 2 . . 2 . . . . 1 . . . . . . . 6 . . . . . . . Guns 29 | . 17 7 . 1 2 2 . . . . . . . . . . . . . . . . . . . . . . . Cannons 9 | . . . . . 9 . . . . . . . . . . . . . . . . . . . . . . . . AOE 4 | . . . . 1 3 . . . . . . . . . . . . . . . . . . . . . . . . Classes Destroyed 19 | 3 6 1 . 1 1 2 . . . . . . . 1 1 . . . . . 1 2 . . . . . . . Worker 14 | 4 2 . . . 1 2 . . 1 . . . . 1 . . . . . . 2 . . . 1 . . . . Builder 5 | . 1 . . . . 3 . . . . . . . 1 . . . . . . . . . . . . . . . Tunneler 11 | 9 . . . . . . . . 1 . . . . . . . . . . . . . . . 1 . . . . Hauler 23 | . 2 . . . 5 3 . . 1 . . . . 4 . . . . 2 . 1 . . . 5 . . . . Recycler 15 | 1 2 . . . 1 1 . . 2 . . . . 1 . . . . . . 3 1 . . 3 . . . . Mechanic 3 | . . . . . . 2 . . . . . . . 1 . . . . . . . . . . . . . . . Operator 22 | . 3 . . . 3 . . . 2 . . . . 4 . . . . . . . . . 9 . 1 . . . Drone 1 | . . . . . . . . . . . . . . 1 . . . . . . . . . . . . . . . Watcher 33 | . 2 . . . 4 5 . . 4 . . . . 5 . . . . 1 . 1 2 . . 7 1 . 1 . Swarmer 9 | . 6 3 . . . . . . . . . . . . . . . . . . . . . . . . . . . Cutter 2 | . . . . . . . . . . . . . . . . . . . . . 2 . . . . . . . . Grunt 29 | . 11 2 . . 12 2 . . . . . . . . . . . . . . . 2 . . . . . . . Sentry 6 | . . 2 . . 1 . . . 1 . . . . . . . . . . . . 2 . . . . . . . Hunter 3 | . . . . . 1 . . . . . . . 1 . . . . . . . . 1 . . . . . . . Programmer 4 | . . . . . . 2 . . 1 . . . . 1 . . . . . . . . . . . . . . . Behemoth 2 | . . . . . . . . . . . . . . . . . . . . . . 1 . . 1 . . . . Enhanced Grunt 1 | . . . . . . . . . . . . 1 . . . . . . . . . . . . . . . . . Decomposer 3 | . . . . . . . . . . . . . . . 2 1 . . . . . . . . . . . . . Samaritan 1 | . . . . . . . . . . . . . . . 1 . . . . . . . . . . . . . . Assembled 2 | . . . . 2 . . . . . . . . . . . . . . . . . . . . . . . . . Butcher 1 | . . . . . . . . . . . . . . . . . . . . . . 1 . . . . . . . Best Kill Streak 8 | 4 6 3 . 2 3 2 . . 3 . . 1 . 3 . . . . 2 . 3 3 . 7 8 1 . 1 . Combat Bots Only 3 | . 3 3 . 2 3 2 . . 1 . . 1 . 1 . . . . . . . 2 . . . . . . . Max Kills in Single Turn 2 | 2 1 1 . 1 2 1 . . 1 . . 1 1 1 1 1 . . 1 . 1 1 . 1 1 1 . 1 . Gunslinging 1 | . . . . . 1 . . . . . . . . . . . . . . . . . . . . . . . . Exploded 1 | . . . . 1 1 . . . . . . . . . . . . . . . . . . . . . . . . Melee 1 | . . . . . . 1 . . 1 . . . . 1 . . . . . . . 1 . . . . . . . Uniques/NPCs Destroyed . | . . . . . . . . . . . . . . . . . . . . . . . . . . . . . . Combat | -11 -10 -10 -10 -9 -8 -7 -7 -7 -6 -6 -6 -6 -5 -5 -5 -5 -5 -4 -4 -4 -4 -4 -4 -4 -3 -3 -3 -2 -2 -------- Run | Yrd Mat Min Exi Min Mat Fac Low Low Fac Low Low Dat Pro Fac Upp Upp Zhi Pro Fac Was Fac Ext Cet Arc Res Arm Lab Res Qua Hostile Shots Fired 591 | . 89 45 . . 48 24 8 . 88 . . 10 4 8 18 . . 3 . . 1 12 . . 5 . . 14 214 Missed 164 | . 24 11 . . 6 8 3 . 41 . . 2 2 2 9 . . 3 . . 1 6 . . 2 . . 6 38 Hits 427 | . 65 34 . . 42 16 5 . 47 . . 8 2 6 9 . . . . . . 6 . . 3 . . 8 176 Melee 1 | . . . . . . . . . . . . . . . . . . . . . . . . . . . . . 1 Projectile 426 | . 65 34 . . 42 16 5 . 47 . . 8 2 6 9 . . . . . . 6 . . 3 . . 8 175 AOE 1 | . . . . . . . . . . . . . . . . . . . . . . . . . . . . . 1 Critical Strikes 14 | . 1 3 . . 3 . . . 2 . . . . 1 . . . . . . . . . . . . . . 4 Damage Taken 6863 | . 668 395 . . 806 241 . . 458 . . 363 33 165 172 226 . . . . . 168 . . 108 . . 182 2878 Core 2235 | . 78 72 . . 80 31 . . 54 . . 91 17 32 18 73 . . . . . 56 . . 24 . . 18 1591 Absorbed by Shields 369 | . . . . . . . . . . . . . . . . . . . . . . 26 . . . . . . 343 Regen/Repaired (Parts) 427 | . 210 . . . . . . . 95 . . . . . . . . . 88 . . . . . . . . 1 33 Core Remaining (%) 84 | 100 . . . 40 85 . . 95 . . . . 80 . . . . 87 . . . . . 95 . . 91 . . Volleys Fired 201 | 24 93 20 . 2 56 . . . . . . . . . . . . . . . . . . . . 6 . . . Largest 2 | 2 2 2 . 2 2 . . . . . . . . . . . . . . . . . . . . 1 . . . Hottest 138 | 70 90 76 . 50 138 . . . . . . . . . . . . . . . . . . . . 20 . . . Shots Fired 377 | 47 169 40 . 4 90 11 . . . . . 10 . . . . . . . . . . . . . 6 . . . Gun 289 | 47 169 40 . 2 10 11 . . . . . 10 . . . . . . . . . . . . . . . . . Cannon 76 | . . . . . 76 . . . . . . . . . . . . . . . . . . . . . . . . Launcher 6 | . . . . 2 4 . . . . . . . . . . . . . . . . . . . . . . . . Special 6 | . . . . . . . . . . . . . . . . . . . . . . . . . . 6 . . . Kinetic 129 | 24 70 24 . 2 9 . . . . . . . . . . . . . . . . . . . . . . . . Thermal 165 | 23 99 16 . . . 11 . . . . . 10 . . . . . . . . . . . . . 6 . . . Explosive 6 | . . . . 2 4 . . . . . . . . . . . . . . . . . . . . . . . . Electromagnetic 77 | . . . . . 77 . . . . . . . . . . . . . . . . . . . . . . . . Robot Hit Streak 15 | 8 15 12 . 1 9 14 . . . . . 15 . . . . . . . . . . . . . . . . . Robot Miss Streak 4 | 3 3 4 . 2 3 . . . . . . 1 . . . . . . . . . . . . . . . . . Penetration Max . | . . . . . . . . . . . . . . . . . . . . . . . . . . . . . . Secondary Targets 4 | . 2 1 . . 1 . . . . . . . . . . . . . . . . . . . . . . . . Max Gunslinging Chain 1 | . 1 1 . . 1 . . . . . . . . . . . . . . . . . . . . . . . . Autonomous 21 | . . . . . . 11 . . . . . 10 . . . . . . . . . . . . . . . . . Shots Hit Robots 518 | 27 121 25 . 1 61 69 . . 29 . 1 16 5 39 5 1 . . 13 . 19 25 . 14 36 4 . 3 4 Core Hits 206 | 15 49 12 . 5 37 20 . . 11 . . 3 2 9 2 1 . . . . 2 11 . 6 18 1 . 1 1 Critical Kills 3 | . 1 . . . . . . . 1 . . . 1 . . . . . . . . . . . . . . . . Critical Parts Destroyed 13 | . . . . . . . . . 1 . . 2 1 4 . . . . 1 . 4 . . . . . . . . Critical Strikes 59 | . 12 . . . . 13 . . 5 . . 2 2 11 . . . . 1 . 5 3 . . 4 . . . 1 Burn 11 | . 11 . . . . . . . . . . . . . . . . . . . . . . . . . . . . Destroy 1 | . 1 . . . . . . . . . . . . . . . . . . . . . . . . . . . . Smash 15 | . . . . . . . . . 2 . . 2 2 4 . . . . 1 . 4 . . . . . . . . Sever 32 | . . . . . . 13 . . 3 . . . . 7 . . . . . . 1 3 . . 4 . . . 1 Melee Attacks 722 | . . . . . . 111 34 . 95 10 1 34 6 112 6 20 . 38 25 . 51 33 . 14 75 16 6 13 22 Impact 388 | . . . . . . 43 28 . 75 10 1 22 6 85 1 15 . 37 22 . 43 . . . . . . . . Slashing 334 | . . . . . . 68 6 . 20 . . 12 . 27 5 5 . 1 3 . 8 33 . 14 75 16 6 13 22 Piercing . | . . . . . . . . . . . . . . . . . . . . . . . . . . . . . . Sneak Attacks 97 | . . . . . . 15 . . 8 . . 2 1 15 5 1 . . 3 . 9 10 . 10 17 1 . . . Combat Hostiles 6 | . . . . . . 1 . . . . . . . 1 . . . . . . . 4 . . . . . . . Follow-up Attacks 50 | . . . . . . 19 . . 7 . . 3 . 10 1 . . . 2 . 3 . . . 2 . . 1 2 Damage Inflicted 21129 | 356 1626 335 . 66 2237 2055 . . 1549 . 63 475 498 2469 215 29 . . 806 . 1195 1664 . 1515 3067 417 . 223 269 Guns 2946 | 356 1626 335 . 15 79 376 . . . . . 159 . . . . . . . . . . . . . . . . . Cannons 1662 | . . . . . 1662 . . . . . . . . . . . . . . . . . . . . . . . . Explosions 538 | . . . . 51 487 . . . . . . . . . . . . . . . . . . . . . . . . Melee 15972 | . . . . . . 1679 . . 1549 . 63 316 498 2469 215 29 . . 806 . 1195 1664 . 1515 3067 417 . 223 267 Ramming 11 | . . . . . 9 . . . . . . . . . . . . . . . . . . . . . . . 2 Kinetic 1144 | 170 715 190 . 15 54 . . . . . . . . . . . . . . . . . . . . . . . . Thermal 1956 | 186 911 145 . . 179 376 . . . . . 159 . . . . . . . . . . . . . . . . . Explosive 347 | . . . . 51 296 . . . . . . . . . . . . . . . . . . . . . . . . Electromagnetic 1699 | . . . . . 1699 . . . . . . . . . . . . . . . . . . . . . . . . Impact 6656 | . . . . . . 543 . . 1310 . 63 222 498 2141 72 . . . 752 . 1055 . . . . . . . . Slashing 9316 | . . . . . . 1136 . . 239 . . 94 . 328 143 29 . . 54 . 140 1664 . 1515 3067 417 . 223 267 Piercing . | . . . . . . . . . . . . . . . . . . . . . . . . . . . . . . Highest Corruption 24 | . . . . . 24 1 1 1 3 3 3 3 3 1 . 1 1 1 . . . . . . . . . . 7 Average Corruption 1 | . . . . . 1 1 1 1 2 3 3 3 3 1 . 1 1 1 . . . . . . . . . . 4 Corruption Purged 4 | . . . . . . . . . 2 . . . . 1 . . . 1 . . . . . . . . . . . Corruption Blocked . | . . . . . . . . . . . . . . . . . . . . . . . . . . . . . . Effects 56 | . . . . . 16 8 1 . 3 5 6 7 5 2 . 1 1 . . . . . . . . . . . 1 Message Errors 13 | . . . . . 6 3 . . . . 1 1 1 . . 1 . . . . . . . . . . . . . Matter Fused 17 | . . . . . 2 2 . . 1 3 2 4 1 . . . 1 . . . . . . . . . . . 1 Heat Flow Errors 6 | . . . . . . 2 1 . . . . 2 . 1 . . . . . . . . . . . . . . . Energy Discharges 6 | . . . . . 2 . . . 1 2 . . 1 . . . . . . . . . . . . . . . . Parts Rejected 1 | . . . . . 1 . . . . . . . . . . . . . . . . . . . . . . . . Parts Fused 1 | . . . . . . . . . . . 1 . . . . . . . . . . . . . . . . . . Data Loss (minor) 6 | . . . . . 2 1 . . 1 . . . 2 . . . . . . . . . . . . . . . . Data Loss (major) 5 | . . . . . 2 . . . . . 2 . . 1 . . . . . . . . . . . . . . . Misfires 1 | . . . . . 1 . . . . . . . . . . . . . . . . . . . . . . . . Overload Shots . | . . . . . . . . . . . . . . . . . . . . . . . . . . . . . . Overflow Damage 4298 | . . . . . 74 211 . . 520 . 43 103 236 1193 108 . . . 147 . 617 26 . 575 192 166 . 87 . Projectiles 60 | . . . . . 60 . . . . . . . . . . . . . . . . . . . . . . . . Explosions 14 | . . . . . 14 . . . . . . . . . . . . . . . . . . . . . . . . Melee 4224 | . . . . . . 211 . . 520 . 43 103 236 1193 108 . . . 147 . 617 26 . 575 192 166 . 87 . Knockbacks 20 | . . . . . . 2 . . 4 . . 1 3 6 . . . . . . 4 . . . . . . . . Impact 20 | . . . . . . 2 . . 4 . . 1 3 6 . . . . . . 4 . . . . . . . . Kinetic . | . . . . . . . . . . . . . . . . . . . . . . . . . . . . . . Secondary . | . . . . . . . . . . . . . . . . . . . . . . . . . . . . . . Self-Inflicted Damage 147 | . . . . . 146 . . . . . . . . . . . . . . . . . . . . . . . 1 Shots 4 | . . . . . 4 . . . . . . . . . . . . . . . . . . . . . . . . Rammed 3 | . . . . . 1 . . . . . . . . . . . . . . . . . . . . . . . 2 Targets Rammed 3 | . . . . . 1 . . . . . . . . . . . . . . . . . . . . . . . 2 Kicked . | . . . . . . . . . . . . . . . . . . . . . . . . . . . . . . Crushed . | . . . . . . . . . . . . . . . . . . . . . . . . . . . . . . Highest Temperature 494 | 90 379 307 . . 494 257 295 53 84 139 295 271 . 263 58 . . . . . . 37 . . 229 . . 2 . Average Temperature 72 | 27 117 132 . . 148 33 89 22 24 45 109 98 . 151 38 . . . . . . 15 . . 101 . . 2 . Received Heat Transfer 1131 | . 249 177 . . 423 45 . . 75 . . . . . 54 . . . . . . 27 . . 18 . . . 63 Effects 13 | . 3 . . . 10 . . . . . . . . . . . . . . . . . . . . . . . . Shutdowns 2 | . . . . . 2 . . . . . . . . . . . . . . . . . . . . . . . . Energy Bleed 2 | . . . . . 2 . . . . . . . . . . . . . . . . . . . . . . . . Interference 6 | . . . . . 6 . . . . . . . . . . . . . . . . . . . . . . . . Matter Decay 2 | . 2 . . . . . . . . . . . . . . . . . . . . . . . . . . . . Short Circuit 1 | . 1 . . . . . . . . . . . . . . . . . . . . . . . . . . . . Siege Activations . | . . . . . . . . . . . . . . . . . . . . . . . . . . . . . . Martial Activations . | . . . . . . . . . . . . . . . . . . . . . . . . . . . . . . Shielding Activations . | . . . . . . . . . . . . . . . . . . . . . . . . . . . . . . Robots Disrupted . | . . . . . . . . . . . . . . . . . . . . . . . . . . . . . . Combat Hostiles . | . . . . . . . . . . . . . . . . . . . . . . . . . . . . . . Robots Corrupted 34 | . . . . . 1 6 . . 4 . 1 1 2 10 . . . . 3 . 6 . . . . . . . . Combat Hostiles 4 | . . . . . . . . . . . 1 1 1 1 . . . . . . . . . . . . . . . Parts Fried 58 | . . . . . 14 9 . . 8 . . 2 4 9 . . . . 2 . 10 . . . . . . . . Impact Corruptions 90 | . . . . . . 9 . . 10 . 3 2 10 33 2 . . . 5 . 16 . . . . . . . . Robots Melted . | . . . . . . . . . . . . . . . . . . . . . . . . . . . . . . Combat Hostiles . | . . . . . . . . . . . . . . . . . . . . . . . . . . . . . . Parts Melted 10 | . 9 . . . . . . . 1 . . . . . . . . . . . . . . . . . . . . Heat Transferred 5103 | 555 3275 370 . . 200 407 . . . . . 296 . . . . . . . . . . . . . . . . . Parts Sabotaged . | . . . . . . . . . . . . . . . . . . . . . . . . . . . . . . Parts Stolen . | . . . . . . . . . . . . . . . . . . . . . . . . . . . . . . Parts Stripped . | . . . . . . . . . . . . . . . . . . . . . . . . . . . . . . Power Chain Reactions 3 | . . . . . 3 . . . . . . . . . . . . . . . . . . . . . . . . Alert | -11 -10 -10 -10 -9 -8 -7 -7 -7 -6 -6 -6 -6 -5 -5 -5 -5 -5 -4 -4 -4 -4 -4 -4 -4 -3 -3 -3 -2 -2 ------- Run | Yrd Mat Min Exi Min Mat Fac Low Low Fac Low Low Dat Pro Fac Upp Upp Zhi Pro Fac Was Fac Ext Cet Arc Res Arm Lab Res Qua Maximum Alert Level 5 | . 1 . . . . . . . 1 . . . . . . . . . . . . 2 1 1 3 2 . . 5 Low Security (%) 82 | 100 91 100 . 100 100 100 . . 97 . . . . 100 . . . . 100 100 100 61 29 23 6 . . 100 . Level 1 6 | . 8 . . . . . . . 2 . . . . . . . . . . . . 16 70 76 13 5 . . . Level 2 8 | . . . . . . . . . . . . . . . . . . . . . . 21 . . 68 94 . . . Level 3 . | . . . . . . . . . . . . . . . . . . . . . . . . . 11 . . . . Level 4 . | . . . . . . . . . . . . . . . . . . . . . . . . . . . . . . Level 5 . | . . . . . . . . . . . . . . . . . . . . . . . . . . . . . . High Security . | . . . . . . . . . . . . . . . . . . . . . . . . . . . . . . Max Security 1 | . . . . . . . . . . . . . . . . . . . . . . . . . . . . . 99 Peak Influence 1738 | 20 225 64 . 5 177 145 . . 259 . . . . 142 . . . . 41 5 35 493 258 259 822 579 . 125 1738 Initial 396 | . . 40 . . . . . . . . . . . 59 . . . . 41 5 3 7 246 62 74 396 . . 69 Average 133 | 2 102 8 . . 69 19 . . 47 . . . . 30 . . . . 23 5 11 183 216 206 516 496 . 48 1642 Influence Increases 7295 | 70 571 160 . 11 635 446 15 . 591 75 5 . 235 487 255 . . 165 63 . 169 1026 191 267 1177 356 . 187 138 Destroy 0b10 Robot/C 1920 | . 340 140 . . 280 80 . . 40 . . . . 20 . . . . . . 20 460 80 80 280 100 . . . Destroy 0b10 Robot/NC 675 | 70 60 . . . 70 80 . . 55 . 5 . 10 90 . . . . 15 . 35 25 5 45 95 10 . 5 . Destroy Leader 464 | . 88 20 . . 68 34 . . 30 . . . . 28 . . . . 6 . 4 46 . . 96 42 . 2 . Allied During Kill 981 | . . . . . . . . . . . . . . . . . . . . . 4 227 83 125 407 135 . . . Successful Hack 361 | . 22 . . . 25 46 . . 68 . . . . 47 . . . . 11 . 34 . 4 . 77 . . 27 . Disable Machine 375 | . . . . . 45 30 . . 30 . . . . 30 . . . . . . 15 60 15 15 15 15 . . 105 Destroy Structure 434 | . 1 . . 11 42 26 . . 38 . . . . 92 . . . . 16 . 42 58 4 2 42 24 . 18 18 Partial Spotted 420 | . . . . . . . . . 120 . . . . 30 . . . . 15 . 15 105 . . 90 30 . . 15 Lose Combat Pursuer 1665 | . 60 . . . 105 150 15 . 210 75 . . 225 150 255 . . 165 . . . 45 . . 75 . . 135 . Influence Decreases 7218 | 70 466 265 . 11 635 305 149 7 332 267 72 . 140 454 118 171 94 99 114 10 159 600 475 225 619 651 462 62 186 Entered New Map 1798 | . . 65 . . . . 53 2 . 97 13 . . 36 48 51 94 . 25 10 2 8 195 95 125 361 462 . 56 Time Decay 4609 | 70 446 190 . 11 535 305 96 5 322 170 59 . 130 418 70 110 . 99 89 . 157 476 140 110 404 150 . 47 . Lost Part 265 | . 20 10 . . 50 . . . 10 . . . 10 . . 10 . . . . . 10 . . . . . 15 130 Lost Ally 496 | . . . . . . . . . . . . . . . . . . . . . . 106 140 20 90 140 . . . Purge Threat 50 | . . . . . 50 . . . . . . . . . . . . . . . . . . . . . . . . Squads Dispatched 52 | . 5 . . . 2 10 . . 7 . . . . 5 . . . . . . 2 1 . . 6 . . 1 13 Investigation 13 | . 2 . . . 1 5 . . 2 . . . . 2 . . . . . . . 1 . . . . . . . Extermination 16 | . . . . . . 3 . . 4 . . . . 3 . . . . . . 1 . . . 4 . . 1 . Reinforcement 10 | . 3 . . . 1 2 . . 1 . . . . . . . . . . . 1 . . . 2 . . . . Assault 12 | . . . . . . . . . . . . . . . . . . . . . . . . . . . . . 12 Garrison . | . . . . . . . . . . . . . . . . . . . . . . . . . . . . . . Intercept 1 | . . . . . . . . . . . . . . . . . . . . . . . . . . . . . 1 Searches Triggered . | . . . . . . . . . . . . . . . . . . . . . . . . . . . . . . Construction Impeded . | . . . . . . . . . . . . . . . . . . . . . . . . . . . . . . Haulers Reinforced 2 | . . . . . . . . . . . . . . . . . . . . . . . . . 2 . . . . Active Scanning Responses . | . . . . . . . . . . . . . . . . . . . . . . . . . . . . . . Cargo Convoy Interrupts . | . . . . . . . . . . . . . . . . . . . . . . . . . . . . . . Stealth | -11 -10 -10 -10 -9 -8 -7 -7 -7 -6 -6 -6 -6 -5 -5 -5 -5 -5 -4 -4 -4 -4 -4 -4 -4 -3 -3 -3 -2 -2 --------- Run | Yrd Mat Min Exi Min Mat Fac Low Low Fac Low Low Dat Pro Fac Upp Upp Zhi Pro Fac Was Fac Ext Cet Arc Res Arm Lab Res Qua Distress Signals 10 | . 4 . . . 1 2 . . . . . . . 1 . . . . . . . 1 1 . . . . . . Communications Jammed 10 | . . . . . . . . . . . . . . . . . . . . . . 8 . . . 1 . . 1 Distress Signals 10 | . . . . . . . . . . . . . . . . . . . . . . 8 . . . 1 . . 1 Times Spotted 278 | . 34 7 . 4 24 23 5 . 27 4 . 3 12 21 16 . . 9 1 2 5 23 5 4 17 1 . 11 20 Peak Tracking Total 16 | . 4 3 . 2 4 4 4 . 6 4 . 2 5 5 14 . . 5 1 2 1 4 5 1 5 1 . 9 16 Tactical Retreats 47 | . 4 . . . 4 6 1 . 8 2 . . 3 5 4 . . 3 . . . 2 . . 2 . . 3 . Traps | -11 -10 -10 -10 -9 -8 -7 -7 -7 -6 -6 -6 -6 -5 -5 -5 -5 -5 -4 -4 -4 -4 -4 -4 -4 -3 -3 -3 -2 -2 ------- Run | Yrd Mat Min Exi Min Mat Fac Low Low Fac Low Low Dat Pro Fac Upp Upp Zhi Pro Fac Was Fac Ext Cet Arc Res Arm Lab Res Qua Traps Triggered 24 | . 2 . . . 2 1 . . 5 . . . . 3 . . . . 1 . . 4 . . . 1 . 3 2 Indirectly . | . . . . . . . . . . . . . . . . . . . . . . . . . . . . . . Trap Hack Attempts . | . . . . . . . . . . . . . . . . . . . . . . . . . . . . . . Triggered . | . . . . . . . . . . . . . . . . . . . . . . . . . . . . . . Disarmed . | . . . . . . . . . . . . . . . . . . . . . . . . . . . . . . Reprogrammed . | . . . . . . . . . . . . . . . . . . . . . . . . . . . . . . Reused . | . . . . . . . . . . . . . . . . . . . . . . . . . . . . . . Traps Extracted . | . . . . . . . . . . . . . . . . . . . . . . . . . . . . . . Installed . | . . . . . . . . . . . . . . . . . . . . . . . . . . . . . . Triggered . | . . . . . . . . . . . . . . . . . . . . . . . . . . . . . . Machines | -11 -10 -10 -10 -9 -8 -7 -7 -7 -6 -6 -6 -6 -5 -5 -5 -5 -5 -4 -4 -4 -4 -4 -4 -4 -3 -3 -3 -2 -2 ---------- Run | Yrd Mat Min Exi Min Mat Fac Low Low Fac Low Low Dat Pro Fac Upp Upp Zhi Pro Fac Was Fac Ext Cet Arc Res Arm Lab Res Qua Machines Disabled 29 | . . . . . 3 2 . . 2 . . 1 . 2 . . . . . . 1 6 1 1 1 1 1 . 7 Max in Single Turn 1 | . . . . . 1 1 . . 1 . . 1 . 1 . . . . . . 1 1 1 . 1 . 1 . 1 Garrison Access 5 | . . . . . . 2 . . 1 . . . . 1 . . . . . . . . . . . . . 1 . Machines Repaired . | . . . . . . . . . . . . . . . . . . . . . . . . . . . . . . Machines Dismantled 5 | . . . . . . . . . . . . . . . . . . . . . . 3 1 . 1 . . . . Machines Sabotaged . | . . . . . . . . . . . . . . . . . . . . . . . . . . . . . . Overloaded Fab Kills . | . . . . . . . . . . . . . . . . . . . . . . . . . . . . . . Hacking | -11 -10 -10 -10 -9 -8 -7 -7 -7 -6 -6 -6 -6 -5 -5 -5 -5 -5 -4 -4 -4 -4 -4 -4 -4 -3 -3 -3 -2 -2 --------- Run | Yrd Mat Min Exi Min Mat Fac Low Low Fac Low Low Dat Pro Fac Upp Upp Zhi Pro Fac Was Fac Ext Cet Arc Res Arm Lab Res Qua Machines Accessed 103 | . 5 . 2 1 7 16 1 . 10 . 2 4 . 13 . . 9 . 6 . 5 1 2 1 12 2 1 3 . Terminals 58 | . 4 . . . 7 8 1 . 7 . 1 . . 9 . . . . 4 . 5 1 2 . 5 2 . 2 . Fabricators 6 | . . . . . . 3 . . . . . . . 2 . . . . . . . . . . 1 . . . . Repair Stations 3 | . 1 . . . . . . . 1 . . . . . . . . . 1 . . . . . . . . . . Recycling Units 2 | . . . . . . . . . . . . . . . . . . . . . . . . . 2 . . . . Scanalyzers 8 | . . . . . . 2 . . 1 . . . . 1 . . . . 1 . . . . . 3 . . . . Garrison Access 7 | . . . . . . 3 . . 1 . . . . 1 . . . . . . . . . . 1 . . 1 . Total Hacks 347 | . 17 . 2 1 25 45 1 . 37 . 2 27 . 36 . . 48 . 23 . 15 1 6 2 43 3 1 12 . Successful 238 | . 9 . 2 1 14 25 1 . 23 . 2 27 . 16 . . 48 . 16 . 8 1 3 2 34 . 1 5 . Failed 108 | . 8 . . . 10 20 . . 14 . . . . 20 . . . . 7 . 7 . 3 . 9 3 . 7 . Catastrophic 11 | . . . . . 2 1 . . 2 . . . . 2 . . . . 1 . . . . . . 1 . 2 . Database Lockouts 1 | . . . . . 1 . . . . . . . . . . . . . . . . . . . . . . . . Manual 127 | . 12 . 1 . 25 19 . . 18 . . . . 19 . . . . 10 . 6 . 1 4 10 . 1 1 . Terminals 176 | . 12 . . . 25 19 1 . 28 . 1 . . 21 . . . . 18 . 15 1 6 . 20 3 . 6 . Fabricators 18 | . . . . . . 12 . . . . . . . 4 . . . . . . . . . . 2 . . . . Repair Stations 12 | . 5 . . . . . . . 4 . . . . . . . . . 3 . . . . . . . . . . Recycling Units 14 | . . . . . . . . . . . . . . . . . . . . . . . . . 14 . . . . Scanalyzers 26 | . . . . . . 8 . . 2 . . . . 9 . . . . 2 . . . . . 5 . . . . Garrison Access 19 | . . . . . . 6 . . 3 . . . . 2 . . . . . . . . . . 2 . . 6 . Terminal Hacks 139 | . 1 . 2 1 4 5 1 . 13 . 2 27 . 1 . . 48 . 9 . 5 1 3 2 9 . 1 4 . Record 54 | . . . 1 . . . 1 . . . 1 8 . . . . 36 . . . . . 3 2 . . 1 1 . Part Schematic 17 | . . . . . . . . . . . . 10 . . . . 4 . . . . . . . 3 . . . . Robot Schematic 6 | . . . . . . . . . . . . 6 . . . . . . . . . . . . . . . . . Robot Analysis 9 | . 1 . . . 2 1 . . 1 . . . . . . . 4 . . . . . . . . . . . . Prototype ID Bank 9 | . . . . . 1 . . . 1 . . 3 . . . . 4 . . . . . . . . . . . . Open Door 3 | . . . . 1 . . . . . . 1 . . . . . . . . . . 1 . . . . . . . Level Access Points 1 | . . . . . . . . . . . . . . . . . . . . . . . . . . . . 1 . Branch Access Points 7 | . . . . . . 1 . . 1 . . . . 1 . . . . 1 . 1 . . . 1 . . 1 . Emergency Access Points 1 | . . . . . . . . . 1 . . . . . . . . . . . . . . . . . . . . Terminal Index 2 | . . . . . . . . . 1 . . . . . . . . . . . 1 . . . . . . . . Scanalyzer Index 2 | . . . . . . . . . 1 . . . . . . . . . 1 . . . . . . . . . . Alert Level 6 | . . . . . . 2 . . 1 . . . . . . . . . 1 . 1 . . . 1 . . . . Unreport Threat 1 | . . . . . 1 . . . . . . . . . . . . . . . . . . . . . . . . Locate Traps 2 | . . . . . . . . . 1 . . . . . . . . . . . . . . . 1 . . . . Dispatch Records 2 | . . . . . . . . . 1 . . . . . . . . . 1 . . . . . . . . . . Maintenance Status 1 | . . . . . . . . . . . . . . . . . . . 1 . . . . . . . . . . Recall Extermination 1 | . . . . . . . . . 1 . . . . . . . . . . . . . . . . . . . . Hauler Manifests 3 | . . . . . . . . . 1 . . . . . . . . . . . 1 . . . 1 . . . . Registered Components 2 | . . . . . . . . . . . . . . . . . . . 1 . . . . . 1 . . . . Registered Prototypes 1 | . . . . . . . . . . . . . . . . . . . 1 . . . . . . . . . . Zone Layout 8 | . . . . . . 1 . . 2 . . . . . . . . . 2 . 1 . . . 1 . . 1 . Proto ID Catalog 1 | . . . 1 . . . . . . . . . . . . . . . . . . . . . . . . . . Fabricator Hacks 11 | . . . . . . 7 . . . . . . . 2 . . . . . . . . . . 2 . . . . Network Status 2 | . . . . . . 1 . . . . . . . 1 . . . . . . . . . . . . . . . Load Schematic 6 | . . . . . . 4 . . . . . . . 1 . . . . . . . . . . 1 . . . . Build 3 | . . . . . . 2 . . . . . . . . . . . . . . . . . . 1 . . . . Repair Station Hacks 6 | . 4 . . . . . . . . . . . . . . . . . 2 . . . . . . . . . . Scan Component 3 | . 2 . . . . . . . . . . . . . . . . . 1 . . . . . . . . . . Repair 3 | . 2 . . . . . . . . . . . . . . . . . 1 . . . . . . . . . . Recycling Unit Hacks 13 | . . . . . . . . . . . . . . . . . . . . . . . . . 13 . . . . Process 1 | . . . . . . . . . . . . . . . . . . . . . . . . . 1 . . . . Report Inventory 1 | . . . . . . . . . . . . . . . . . . . . . . . . . 1 . . . . Retrieve Matter 10 | . . . . . . . . . . . . . . . . . . . . . . . . . 10 . . . . Retrieve Components 1 | . . . . . . . . . . . . . . . . . . . . . . . . . 1 . . . . Scanalyzer 17 | . . . . . . 4 . . 2 . . . . 5 . . . . 2 . . . . . 4 . . . . Insert Component 3 | . . . . . . 1 . . . . . . . 1 . . . . 1 . . . . . . . . . . Analyze 2 | . . . . . . 1 . . . . . . . 1 . . . . . . . . . . . . . . . Retrieve Study 12 | . . . . . . 2 . . 2 . . . . 3 . . . . 1 . . . . . 4 . . . . Garrison Access Hacks 5 | . . . . . . 2 . . 1 . . . . 1 . . . . . . . . . . . . . 1 . Seal Access 5 | . . . . . . 2 . . 1 . . . . 1 . . . . . . . . . . . . . 1 . Unauthorized Hacks 46 | . 4 . . . 10 7 . . 7 . . . . 7 . . . . 3 . 3 . . . 5 . . . . Terminals 42 | . 4 . . . 10 5 . . 6 . . . . 6 . . . . 3 . 3 . . . 5 . . . . Assimilate 1 | . . . . . . . . . . . . . . . . . . . . . . . . . 1 . . . . Botnet 35 | . 3 . . . 5 5 . . 6 . . . . 6 . . . . 3 . 3 . . . 4 . . . . Skim 6 | . 1 . . . 5 . . . . . . . . . . . . . . . . . . . . . . . . Fabricators 3 | . . . . . . 2 . . . . . . . 1 . . . . . . . . . . . . . . . Prioritize 1 | . . . . . . 1 . . . . . . . . . . . . . . . . . . . . . . . Recompile 2 | . . . . . . 1 . . . . . . . 1 . . . . . . . . . . . . . . . Repair Stations 1 | . . . . . . . . . 1 . . . . . . . . . . . . . . . . . . . . Patch 1 | . . . . . . . . . 1 . . . . . . . . . . . . . . . . . . . . Recycling Units . | . . . . . . . . . . . . . . . . . . . . . . . . . . . . . . Scanalyzers . | . . . . . . . . . . . . . . . . . . . . . . . . . . . . . . Garrison Access . | . . . . . . . . . . . . . . . . . . . . . . . . . . . . . . Data Cores Recovered 7 | . . . . . 2 . . . 1 . . . . 3 . . . . . . . . . . . 1 . . . Used 3 | . . . . . 1 . . . . . . . . 1 . . . . . . . . . . . 1 . . . Hacking Detections 62 | . 5 . . . 6 14 . . 9 . . . . 9 . . . . 2 . 1 . 2 . 9 2 . 3 . Full Trace Events 7 | . 1 . . . . 4 . . 1 . . . . 1 . . . . . . . . . . . . . . . Feedback Events . | . . . . . . . . . . . . . . . . . . . . . . . . . . . . . . Feedback Blocked . | . . . . . . . . . . . . . . . . . . . . . . . . . . . . . . Robot Schematics Acquired 6 | . . . . . . . . . . . . 6 . . . . . . . . . . . . . . . . . Robots Built . | . . . . . . . . . . . . . . . . . . . . . . . . . . . . . . Authchips . | . . . . . . . . . . . . . . . . . . . . . . . . . . . . . . Time . | . . . . . . . . . . . . . . . . . . . . . . . . . . . . . . Total Robot Build Rating . | . . . . . . . . . . . . . . . . . . . . . . . . . . . . . . Part Schematics Acquired 19 | . . . . . . 1 . . . . . 10 . 1 . . 4 . . . . . . . 3 . . . . Parts Built 3 | . . . . . . 2 . . . . . . . . . . . . . . . . . . 1 . . . . Authchips 2 | . . . . . . 1 . . . . . . . . . . . . . . . . . . 1 . . . . Time 370 | . . . . . . 201 . . . . . . . . . . . . . . . . . . 169 . . . . Total Part Build Rating 14 | . . . . . . 8 . . . . . . . . . . . . . . . . . . 6 . . . . Part Studies Acquired 11 | . . . . . . 2 . . 2 . . . . 2 . . . . 1 . . . . . 4 . . . . Parts Repaired 3 | . 2 . . . . . . . . . . . . . . . . . 1 . . . . . . . . . . Time 106 | . 62 . . . . . . . . . . . . . . . . . 44 . . . . . . . . . . Parts Recycled . | . . . . . . . . . . . . . . . . . . . . . . . . . . . . . . Recycled Matter . | . . . . . . . . . . . . . . . . . . . . . . . . . . . . . . Retrieved Matter . | . . . . . . . . . . . . . . . . . . . . . . . . . . . . . . Retrieved Components . | . . . . . . . . . . . . . . . . . . . . . . . . . . . . . . Parts Scanalyzed 2 | . . . . . . 1 . . . . . . . 1 . . . . . . . . . . . . . . . Part Schematics Acquired 2 | . . . . . . 1 . . . . . . . 1 . . . . . . . . . . . . . . . Parts Damaged . | . . . . . . . . . . . . . . . . . . . . . . . . . . . . . . Bothacking | -11 -10 -10 -10 -9 -8 -7 -7 -7 -6 -6 -6 -6 -5 -5 -5 -5 -5 -4 -4 -4 -4 -4 -4 -4 -3 -3 -3 -2 -2 ------------ Run | Yrd Mat Min Exi Min Mat Fac Low Low Fac Low Low Dat Pro Fac Upp Upp Zhi Pro Fac Was Fac Ext Cet Arc Res Arm Lab Res Qua Used RIF Installer . | . . . . . . . . . . . . . . . . . . . . . . . . . . . . . . Robots Hacked . | . . . . . . . . . . . . . . . . . . . . . . . . . . . . . . Non-combat . | . . . . . . . . . . . . . . . . . . . . . . . . . . . . . . Combat . | . . . . . . . . . . . . . . . . . . . . . . . . . . . . . . Robot Hacks Applied . | . . . . . . . . . . . . . . . . . . . . . . . . . . . . . . Relay Couplers Released . | . . . . . . . . . . . . . . . . . . . . . . . . . . . . . . Fabnet Peak Effective % . | . . . . . . . . . . . . . . . . . . . . . . . . . . . . . . Robots Rewired 17 | . . . . . . . . . . . . . . . . . . . . . . 17 . . . . . . . Allies Hacked . | . . . . . . . . . . . . . . . . . . . . . . . . . . . . . . Hacks Repelled . | . . . . . . . . . . . . . . . . . . . . . . . . . . . . . . Allies | -11 -10 -10 -10 -9 -8 -7 -7 -7 -6 -6 -6 -6 -5 -5 -5 -5 -5 -4 -4 -4 -4 -4 -4 -4 -3 -3 -3 -2 -2 -------- Run | Yrd Mat Min Exi Min Mat Fac Low Low Fac Low Low Dat Pro Fac Upp Upp Zhi Pro Fac Was Fac Ext Cet Arc Res Arm Lab Res Qua Total Allies 38 | . . . . 3 . . . . . . . . 1 . . . . . . . 2 25 5 . 2 . . . . Largest Group 17 | . . . . 3 . . . . . . . . 1 . . . . . . . 2 17 15 13 12 7 . . . Highest-Rated Group 890 | . . . . 40 . . . . . . . . 41 . . . . . . . 84 785 890 890 813 498 . . . Highest-Rated Ally 159 | . . . . 16 . . . . . . . . 41 . . . . . . . 42 159 152 146 116 96 . . . Total Orders 57 | . . . . 3 1 . . . . . . . 2 . . . . . . . . 29 1 7 12 2 . . . STAY 24 | . . . . 2 . . . . . . . . . . . . . . . . . 15 . 2 5 . . . . ROAM 4 | . . . . . . . . . . . . . . . . . . . . . . 2 . 1 . 1 . . . FOLLOW 15 | . . . . . . . . . . . . . . . . . . . . . . 9 . 4 2 . . . . AID 5 | . . . . . . . . . . . . . . . . . . . . . . 2 1 . 1 1 . . . EXPLORE 2 | . . . . . . . . . . . . . . . . . . . . . . . . . 2 . . . . RETURN 7 | . . . . 1 1 . . . . . . . 2 . . . . . . . . 1 . . 2 . . . . Ally Attacks 318 | . . . . 2 1 . . . . . . . 2 . . . . . . . 8 138 46 25 71 23 . . 2 Total Damage 9136 | . . . . 33 8 . . . . . . . 16 . . . . . . . 90 4123 999 735 2295 823 . . 14 Kills 50 | . . . . . . . . . . . . . . . . . . . . . 1 19 5 4 16 5 . . . Allies Corrupted 3 | . . . . . . . . . . . . . 1 . . . . . . . . . . . . 2 . . . Allies Melted . | . . . . . . . . . . . . . . . . . . . . . . . . . . . . . . Intel | -11 -10 -10 -10 -9 -8 -7 -7 -7 -6 -6 -6 -6 -5 -5 -5 -5 -5 -4 -4 -4 -4 -4 -4 -4 -3 -3 -3 -2 -2 ------- Run | Yrd Mat Min Exi Min Mat Fac Low Low Fac Low Low Dat Pro Fac Upp Upp Zhi Pro Fac Was Fac Ext Cet Arc Res Arm Lab Res Qua Active Infowar (turns) 11728 | 40 654 265 . 315 603 1346 401 31 556 351 287 233 281 1190 146 239 63 544 191 14 442 1334 282 235 972 309 64 152 188 Optics 9663 | . . . . . 265 1336 . . 545 351 287 233 281 1190 146 239 63 544 191 14 442 1334 282 235 972 309 64 152 188 Sensors 3187 | . . . . . . 12 401 31 16 347 287 23 234 654 133 239 63 516 191 14 26 . . . . . . . . Seismic 1612 | 40 654 265 . 315 338 . . . . . . . . . . . . . . . . . . . . . . . . Jamming 3743 | . . . . . . . . . . . . 58 . . . . . . . . 417 1135 282 235 931 302 64 152 167 Robot Analysis Total 9 | . 1 . . . 2 1 . . 1 . . . . . . . 4 . . . . . . . . . . . . Derelict Logs Recovered 10 | . . 1 . . . . 1 . . 1 1 . 1 . 1 3 . 1 . . . . . . . . . . . Drone Launches 33 | . . . . 1 1 . . . . . . . 3 . . . . . . . 3 16 . . 7 . . . 2 Drone Recoveries 30 | . . . . 1 1 . . . . . . . 3 . . . . . . . 3 14 . . 6 . . . 2 Exploration | -11 -10 -10 -10 -9 -8 -7 -7 -7 -6 -6 -6 -6 -5 -5 -5 -5 -5 -4 -4 -4 -4 -4 -4 -4 -3 -3 -3 -2 -2 ------------- Run | Yrd Mat Min Exi Min Mat Fac Low Low Fac Low Low Dat Pro Fac Upp Upp Zhi Pro Fac Was Fac Ext Cet Arc Res Arm Lab Res Qua Turns Passed 17335 | 383 1929 1474 513 343 2287 1346 401 31 1068 351 287 233 281 1190 146 239 63 544 191 14 442 1334 282 235 972 309 64 152 231 Spaces Moved 24584 | 190 649 576 212 131 1005 3095 1114 107 2328 963 905 220 653 2607 531 805 208 945 489 71 1097 1594 199 224 2099 403 130 607 427 Core 60 | 6 . . . . . . . . . . . . . . . . . . . . . . . . . . . . 54 Treads 2754 | 184 649 576 212 131 1001 . . . . . . . . . . . . . . . . . 1 . . . . . . Legs . | . . . . . . . . . . . . . . . . . . . . . . . . . . . . . . Wheels . | . . . . . . . . . . . . . . . . . . . . . . . . . . . . . . Hover . | . . . . . . . . . . . . . . . . . . . . . . . . . . . . . . Flight 21770 | . . . . . 4 3095 1114 107 2328 963 905 220 653 2607 531 805 208 945 489 71 1097 1594 198 224 2099 403 130 607 373 Fastest Speed 11 | 50 160 240 240 240 99 23 23 23 23 24 21 21 26 21 19 22 22 22 19 19 19 19 19 19 15 14 15 12 11 Average Speed 41 | 156 208 240 240 240 169 23 23 23 23 24 22 23 30 23 21 22 22 22 19 19 19 19 20 19 15 15 15 13 19 Slowest Speed 243 | 160 240 240 240 240 243 25 23 23 91 95 24 99 99 26 22 22 106 22 19 19 19 97 160 19 19 18 15 18 98 Overloaded Moves 86 | . . . . . . . . . . . . . . . 86 . . . . . . . . . . . . . . Propulsion Burnouts . | . . . . . . . . . . . . . . . . . . . . . . . . . . . . . . Robots Hopped 38 | . . . . . . 12 . . 1 . . 1 . 4 1 . . . . . 1 5 . . 4 . . 8 1 Potential Cave-ins . | . . . . . . . . . . . . . . . . . . . . . . . . . . . . . . Cave-ins Triggered 1 | . . . . . . . . . . . . . . . . 1 . . . . . . . . . . . . . Teleports 3 | . . . . . . . . . . . . . . . . . . . . . . . . . . 1 . . 2 Exploration Rate (%) 62 | 6 95 98 61 38 59 59 88 14 58 97 65 82 75 52 75 93 63 77 10 84 28 94 80 95 44 21 83 23 62 Regions Visited 29 Branch Regions 19 Pre-discovered Areas 10 | . . . 1 . 2 . . . . 1 . 1 1 . . 1 3 . . . . . . . . . . . . Known Exits Taken 21 | . . . . . . 1 1 1 1 1 1 1 1 1 1 1 1 1 . . 1 1 1 1 1 1 1 1 . Unknown Exits Taken 6 | 1 1 1 1 1 1 . . . . . . . . . . . . . . . . . . . . . . . . Scrap Searched 21 | . . 2 . . . . 3 . . 3 4 . 3 . 2 3 . 1 . . . . . . . . . . . Spaces Dug 261 | . . . . . . 26 28 . 38 4 . . 1 46 . 15 . 37 8 . 21 . . . 17 8 . 6 6 Terrain Destroyed 314 | . . . . 11 42 26 28 . 38 4 . . 1 46 . 15 . 37 8 . 21 . . . 17 8 . 6 6 Melee 261 | . . . . . . 26 28 . 38 4 . . 1 46 . 15 . 37 8 . 21 . . . 17 8 . 6 6 Projectile . | . . . . . . . . . . . . . . . . . . . . . . . . . . . . . . AOE 53 | . . . . 11 42 . . . . . . . . . . . . . . . . . . . . . . . . Terrain Rammed . | . . . . . . . . . . . . . . . . . . . . . . . . . . . . . . Walls Destroyed . | . . . . . . . . . . . . . . . . . . . . . . . . . . . . . . Machines Disabled . | . . . . . . . . . . . . . . . . . . . . . . . . . . . . . . Actions | -11 -10 -10 -10 -9 -8 -7 -7 -7 -6 -6 -6 -6 -5 -5 -5 -5 -5 -4 -4 -4 -4 -4 -4 -4 -3 -3 -3 -2 -2 --------- Run | Yrd Mat Min Exi Min Mat Fac Low Low Fac Low Low Dat Pro Fac Upp Upp Zhi Pro Fac Was Fac Ext Cet Arc Res Arm Lab Res Qua Total 30372 | 225 1055 633 218 156 1517 3544 1212 112 2714 1061 989 380 729 3082 553 847 223 1242 562 70 1278 2540 432 394 2632 620 165 644 543 Wait 4047 | 1 293 5 . 18 348 310 71 2 177 81 75 122 55 309 12 25 1 257 45 . 121 661 217 157 425 171 22 20 46 Move 24484 | 189 648 575 211 130 1004 3072 1113 106 2325 962 904 217 652 2598 528 804 207 944 489 70 1094 1583 198 223 2091 402 129 591 425 Hop 33 | . . . . . . 10 . . 1 . . 1 . 4 1 . . . . . 1 4 . . 3 . . 7 1 Pick Up 120 | 4 14 12 2 1 21 14 . . 6 1 2 6 1 13 1 1 1 . 1 . . 2 . . 6 . 3 1 7 Fast Attach 143 | 7 1 2 . 1 18 10 . 2 9 2 2 2 5 17 3 . 5 2 3 . 5 2 4 . 12 13 3 9 4 Attach 78 | . 2 1 . . 16 7 . . 15 2 2 3 4 7 . . 1 . 1 . . 4 1 . 2 1 . 3 6 Detach 30 | . . . . . 2 . . . 13 . 1 1 4 1 . . . . . . . 3 . . 1 1 . 1 2 Swap 58 | . 4 6 2 2 9 5 . . 3 2 . 1 . 3 . . 2 . . . 6 5 . . 5 . . . 3 Drop 200 | . . 12 3 2 42 21 . 2 17 1 2 3 2 24 4 1 6 2 1 . 7 4 4 . 12 14 3 1 10 Fire 201 | 24 93 20 . 2 56 . . . . . . . . . . . . . . . . . . . . 6 . . . Melee 614 | . . . . . . 80 28 . 88 10 1 24 6 91 4 16 . 37 22 . 44 33 . 14 68 12 5 11 20 Ram 2 | . . . . . . . . . . . . . . . . . . . . . . . . . . . . . 2 Kick . | . . . . . . . . . . . . . . . . . . . . . . . . . . . . . . Crush 1 | . . . . . 1 . . . . . . . . . . . . . . . . . . . . . . . . Escape Stasis 184 | . . . . . . 15 . . 60 . . . . 15 . . . . . . . 77 . . . . . . 17 Rewire 138 | . . . . . . . . . . . . . . . . . . . . . . 138 . . . . . . . Trap . | . . . . . . . . . . . . . . . . . . . . . . . . . . . . . . Miscellaneous 39 | . . . . . . . . . . . . . . . . . . . . . . 24 8 . 7 . . . . Route ------- -11/Scrapyard -10/Materials (discovered 6 exits: [*Mat x3] / [*Min x2] / *Sub) -10/Mines (discovered 4 exits: [*Mat x2] / *Exi / Sub) -10/Exiles -9/Mines -8/Materials (discovered 2 exits: *Fac x2) -7/Factory (discovered 5 exits: *Fac x2 / *Sto / *Low x2) -7/Lower Caves -7/Lower Caves -6/Factory (discovered 3 exits: *Fac / *Low x2) -6/Lower Caves -6/Lower Caves -6/Data Miner -5/Proximity Caves -5/Factory (discovered 6 exits: *Fac x4 / *Upp x2) -5/Upper Caves -5/Upper Caves (discovered 2 exits: *Fac / *Zhi) -5/Zhirov -4/Proximity Caves -4/Factory (discovered 5 exits: *Res / *Upp x2 / Ext x2) -4/Waste -4/Factory (discovered 5 exits: *Res / Upp x2 / *Ext x2) -4/Extension (discovered 2 exits: *Res / *Cet) -4/Cetus -4/Archives (discovered 3 exits: *Res / *Hub x2) -3/Research (discovered 4 exits: *Res / *Arm / *Tes x2) -3/Armory -3/Lab -2/Research (discovered 5 exits: Acc x3 / *Qua x2) -2/Quarantine History --------- Turn | Location | Event 3 | -11/Scrapyard | Discovered new exit (range 16) 384 | -11/Scrapyard | Entered Materials 385 | -10/Materials | Build established: Mutant 522 | -10/Materials | Discovered new exit (range 16) 759 | -10/Materials | Discovered new exit (range 6) 1375 | -10/Materials | Repaired Broken Lgt. Treads 1402 | -10/Materials | Repaired Lgt. Armor Plating 1497 | -10/Materials | Discovered new exit (range 9) 1507 | -10/Materials | Discovered new exit (range 7) 1978 | -10/Materials | Discovered new exit (range 15) 2277 | -10/Materials | Discovered new exit (range 15) 2313 | -10/Materials | Entered Mines 2507 | -10/Mines | Deemed a non-threat by the Exiles lab entrance 2510 | -10/Mines | Discovered new exit (range 5) 2716 | -10/Mines | Discovered new exit (range 15) 2843 | -10/Mines | Identified exit to Subcaves 2886 | -10/Mines | Core integrity fell below 50% 2920 | -10/Mines | Build established: Scavenger-Mutant 3265 | -10/Mines | A weapon hastily lodged in a ceiling crevice suddenly fell to the ground 3471 | -10/Mines | Discovered new exit (range 5) 3787 | -10/Mines | Entered Exiles 3847 | -10/Exiles | Met 8R-AWN 3888 | -10/Exiles | Met EX-HEX 3951 | -10/Exiles | Met EX-BIN 3982 | -10/Exiles | Aligned with FarCom system 3984 | -10/Exiles | Given EX-Vault access code 4047 | -10/Exiles | Opened EX-Vault 4068 | -10/Exiles | Found AWS/Thermal 4116 | -10/Exiles | Warned to stay clear of 0b10 Research branches 4192 | -10/Exiles | Met EX-DEC 4204 | -10/Exiles | Learned location of Zion (-7) 4281 | -10/Exiles | Discovered new exit (range 10) 4300 | -10/Exiles | Left Exiles lab with AWS/Thermal 4300 | -10/Exiles | Entered Mines 4301 | -9/Mines | Assembled infested the area 4309 | -9/Mines | Found the Drone Emporium 4320 | -9/Mines | Found Prototype Device 4320 | -9/Mines | Identified Splice Drone Bay 4368 | -9/Mines | Build established: Mutant 4433 | -9/Mines | Assisted by bots powering up and referring to "LRC-V3" 4612 | -9/Mines | Discovered new exit (range 12) 4643 | -9/Mines | Entered Materials 4643 | -8/Materials | Evolved 4 slots: Propulsion x2, Utility x2 5107 | -8/Materials | Build established: Scavenger-Mutant 5574 | -8/Materials | Discovered new exit (range 8) 5883 | -8/Materials | Central database locked down 6086 | -8/Materials | Discovered new exit (range 12) 6100 | -8/Materials | Lost 3 parts (2u1w) 6232 | -8/Materials | Build established: Mutant 6540 | -8/Materials | Learned 2 Lower Caves zone layouts 6613 | -8/Materials | Learned location of 1 exit from Recycling 6762 | -8/Materials | Learned location of Extension (-4) 6832 | -8/Materials | Learned Storage security intel 6881 | -8/Materials | Learned Storage terminal intel 6915 | -8/Materials | System corruption reached 10% 6930 | -8/Materials | Entered Factory 6930 | -7/Factory | Evolved 2 slots: Propulsion x1, Weapon x1 6931 | -7/Factory | Identified exit to Storage 7209 | -7/Factory | Build established: Sprinter 7367 | -7/Factory | Identified exit to Lower Caves 7614 | -7/Factory | Discovered new exit (range 18) 7662 | -7/Factory | Discovered new exit (range 4) 8076 | -7/Factory | Fabricated Imp. Cesium-ion Thruster? 8149 | -7/Factory | Fabricated Imp. Cesium-ion Thruster? 8276 | -7/Factory | Entered Lower Caves 8277 | -7/Lower Caves | Encountered a Warlord checkpoint 8315 | -7/Lower Caves | Found DCF Scrap (15 items) 8572 | -7/Lower Caves | Spotted B-75 Beast 8669 | -7/Lower Caves | Identified exit to Lower Caves 8677 | -7/Lower Caves | Entered another Lower Caves area 8703 | -7/Lower Caves | Discovered new exit (range 6) 8704 | -7/Lower Caves | Identified exit to Factory 8708 | -7/Lower Caves | Entered Factory 8708 | -6/Factory | Evolved 2 slots: Utility x2 8969 | -6/Factory | Identified exit to Lower Caves 8998 | -6/Factory | Discovered new exit (range 16) 9004 | -6/Factory | Identified exit to Factory 9429 | -6/Factory | Spotted B-75 Beast 9776 | -6/Factory | Entered Lower Caves 9792 | -6/Lower Caves | Encountered a Warlord checkpoint 9988 | -6/Lower Caves | Attracted the attention of an 0b10 checkpoint 10064 | -6/Lower Caves | Discovered new exit (range 13) 10071 | -6/Lower Caves | Build established: Scout 10112 | -6/Lower Caves | Found Alien Artifact 10112 | -6/Lower Caves | Identified Core Expander 10112 | -6/Lower Caves | Installed Core Expander, added new Propulsion slot 10126 | -6/Lower Caves | Identified exit to Lower Caves 10127 | -6/Lower Caves | Entered another Lower Caves area 10177 | -6/Lower Caves | Learned location of 1 exit from Factory 10347 | -6/Lower Caves | Discovered new exit (range 5) 10348 | -6/Lower Caves | Identified exit to Data Miner 10414 | -6/Lower Caves | Entered Data Miner 10414 | -6/Data Miner | Discovered new exit (range 6) 10417 | -6/Data Miner | Met Data Miner 10422 | -6/Data Miner | Learned location of Section 7 (-2) 10422 | -6/Data Miner | Acquired the access code to Warlord's prototype stash 10426 | -6/Data Miner | Received God Mode back door access code from Data Miner 10433 | -6/Data Miner | Identified exit to Proximity Caves 10464 | -6/Data Miner | Data Conduit disabled 10647 | -6/Data Miner | Entered Proximity Caves 10655 | -5/Proximity Caves | Lost 4 parts (1p2n1u) 10690 | -5/Proximity Caves | Learned location of Armory (-3) 10855 | -5/Proximity Caves | Discovered exit to Factory (range 7) 10928 | -5/Proximity Caves | Entered Factory 10928 | -5/Factory | Evolved 2 slots: Power x1, Utility x1 10929 | -5/Factory | Identified exit to Factory 11074 | -5/Factory | Watched by a mysterious "MATRIX" hacker. 11122 | -5/Factory | Discovered exit to Factory (range 14) 11219 | -5/Factory | Discovered new exit (range 8) 11221 | -5/Factory | Identified exit to Upper Caves 11313 | -5/Factory | Build established: Sprinter 11449 | -5/Factory | Discovered exit to Factory (range 11) 11823 | -5/Factory | Build established: Scout 11889 | -5/Factory | Discovered exit to Factory (range 4) 12037 | -5/Factory | Spotted B-75 Beast 12118 | -5/Factory | Entered Upper Caves 12173 | -5/Upper Caves | Identified exit to Upper Caves 12264 | -5/Upper Caves | Entered another Upper Caves area 12267 | -5/Upper Caves | Discovered exit to Factory (range 11) 12284 | -5/Upper Caves | Spotted B-75 Beast 12331 | -5/Upper Caves | Crushed by falling debris 12471 | -5/Upper Caves | Discovered new exit (range 5) 12472 | -5/Upper Caves | Identified exit to Zhirov 12503 | -5/Upper Caves | Entered Zhirov 12503 | -5/Zhirov | Discovered new exit (range 3) 12507 | -5/Zhirov | Met Zhirov 12512 | -5/Zhirov | Learned location of Quarantine (-2) 12512 | -5/Zhirov | Learned location of Testing (-3) 12512 | -5/Zhirov | Learned location of Command (-1) 12514 | -5/Zhirov | Zhirov requested help retrieving the SGEMP Prototype 12542 | -5/Zhirov | Found Alien Artifact 12542 | -5/Zhirov | Identified Integrated Dissipator 12542 | -5/Zhirov | Installed Integrated Dissipator, increased core heat dissipation (+20) 12547 | -5/Zhirov | Found Alien Artifact 12566 | -5/Zhirov | Identified exit to Proximity Caves 12566 | -5/Zhirov | Entered Proximity Caves 12671 | -4/Proximity Caves | Spotted B-86 Titan 12908 | -4/Proximity Caves | Discovered exit to Factory (range 20) 12909 | -4/Proximity Caves | Build established: Hacker-Scout 13110 | -4/Proximity Caves | Entered Factory 13110 | -4/Factory | Evolved 2 slots: Propulsion x1, Utility x1 13111 | -4/Factory | Identified exit to Extension 13159 | -4/Factory | Repaired Mak. Hammer 13173 | -4/Factory | Identified exit to Upper Caves 13199 | -4/Factory | Discovered new exit (range 10) 13207 | -4/Factory | Identified exit to Research 13269 | -4/Factory | Identified Transdimensional Reconstructor 13301 | -4/Factory | Sucked down chute 13301 | -4/Factory | Entered Waste 13305 | -4/Waste | Spotted C-40 Crusher 13310 | -4/Waste | Spotted C-40 Crusher 13310 | -4/Waste | Spotted C-40 Crusher 13311 | -4/Waste | Discovered new exit (range 22) 13312 | -4/Waste | Spotted C-40 Crusher 13312 | -4/Waste | Spotted C-40 Crusher 13315 | -4/Waste | Identified exit to Factory 13315 | -4/Waste | Entered Factory 13338 | -4/Factory | Found Imp. Powered Armor 13632 | -4/Factory | Build established: Hacker-Sprinter 13650 | -4/Factory | Discovered exit to Research (range 16) 13757 | -4/Factory | Entered Extension 13869 | -4/Extension | Rescued a captive Derelict 14171 | -4/Extension | Rescued A7 14174 | -4/Extension | Lost 3 allies 14400 | -4/Extension | Spotted B-86 Titan 14415 | -4/Extension | Spotted B-86 Titan 14426 | -4/Extension | Allies destroyed B-86 Titan 14448 | -4/Extension | Destroyed B-86 Titan 14465 | -4/Extension | Lost 4 allies 14607 | -4/Extension | Rescued a captive Derelict 14607 | -4/Extension | Rescued a captive Derelict 14698 | -4/Extension | Rescued a captive Derelict 14699 | -4/Extension | Rescued a captive Derelict 14909 | -4/Extension | Discovered exit to Research (range 10) 14909 | -4/Extension | Discovered new exit (range 6) 14978 | -4/Extension | Identified exit to Cetus 15091 | -4/Extension | Entered Cetus 15091 | -4/Cetus | Accompanied by 15 allies (A7) 15093 | -4/Cetus | Spotted Cetus Guard 15094 | -4/Cetus | Spotted Cetus Guard 15096 | -4/Cetus | Acquired a Cetus Manufacturing Module code from A7 15104 | -4/Cetus | Spotted Cetus Guard 15104 | -4/Cetus | Spotted Cetus Guard 15111 | -4/Cetus | Allies destroyed Cetus Guard 15119 | -4/Cetus | Allies destroyed Cetus Guard 15129 | -4/Cetus | Allies destroyed Cetus Guard 15140 | -4/Cetus | Allies destroyed Cetus Guard 15161 | -4/Cetus | Lost 7 allies 15180 | -4/Cetus | Started Cetus Manufacturing Module 15199 | -4/Cetus | Escorted A7 to Cetus Mainframe 15202 | -4/Cetus | Build established: Commander-Sprinter 15205 | -4/Cetus | Manufactured an Enhanced Grunt 15230 | -4/Cetus | Manufactured an Enhanced Grunt 15255 | -4/Cetus | Manufactured an Enhanced Grunt 15280 | -4/Cetus | Manufactured an Enhanced Grunt 15305 | -4/Cetus | Manufactured an Enhanced Grunt 15320 | -4/Cetus | Discovered new exit (range 21) 15324 | -4/Cetus | Identified exit to Archives 15373 | -4/Cetus | Entered Archives 15373 | -4/Archives | Accompanied by 13 allies (A7) 15378 | -4/Archives | Received a hacking code to weaken MAIN.C 15426 | -4/Archives | Discovered exit to Research (range 16) 15432 | -4/Archives | Discovered new exit (range 21) 15432 | -4/Archives | Discovered new exit (range 17) 15441 | -4/Archives | Identified exit to Hub_04(d) 15524 | -4/Archives | Unable to access archive contents 15527 | -4/Archives | Unable to access archive contents 15608 | -4/Archives | Entered Research 15608 | -3/Research | Accompanied by 11 allies 15608 | -3/Research | Evolved 2 slots: Propulsion x1, Utility x1 15891 | -3/Research | Identified exit to Armory 15891 | -3/Research | Identified exit to Testing 16063 | -3/Research | Targeted by mysterious "MATRIX" hacker. 16220 | -3/Research | Found Prototype Processor 16220 | -3/Research | Identified Spectral Analyzer 16262 | -3/Research | Spotted B-86 Titan 16276 | -3/Research | Destroyed B-86 Titan 16454 | -3/Research | Fabricated Cld. Nuclear Pulse Thruster (x1) 16475 | -3/Research | Spotted B-86 Titan 16499 | -3/Research | Discovered new exit (range 20) 16509 | -3/Research | Found Gamma Bomb Array 16580 | -3/Research | Entered Armory 16580 | -3/Armory | Accompanied by 7 allies 16604 | -3/Armory | Found Prototype Launcher 16604 | -3/Armory | Identified Tesla Bomb Launcher 16715 | -3/Armory | Lost 3 allies 16732 | -3/Armory | Warped through subspace to slip node 16732 | -3/Armory | Discovered new exit (range 1) 16732 | -3/Armory | Identified exit to Lab 16889 | -3/Armory | Entered Lab 16889 | -3/Lab | Discovered new exit (range 9) 16891 | -3/Lab | Identified exit to Research 16891 | -3/Lab | Unable to decrypt terminal 16891 | -3/Lab | Opened the door to a hidden lab 16892 | -3/Lab | Gained access to the hidden lab's interior 16892 | -3/Lab | Unable to decrypt terminal 16894 | -3/Lab | Detected by scanners 16898 | -3/Lab | Found Transdimensional Reconstructor 16903 | -3/Lab | Found Integrated Dissipator 16903 | -3/Lab | Installed Integrated Dissipator, increased core heat dissipation (+20) 16910 | -3/Lab | Found Alien Artifact 16915 | -3/Lab | Found Prototype Hackware 16915 | -3/Lab | Identified Quantum Router 16918 | -3/Lab | Found Prototype Protection 16918 | -3/Lab | Identified Med. Regenerative Plating 16950 | -3/Lab | Found Alien Artifact 16953 | -3/Lab | Entered Research 16953 | -2/Research | Evolved 2 slots: Propulsion x1, Utility x1 16975 | -2/Research | Build established: Hacker-Sprinter 17030 | -2/Research | Identified exit to Quarantine 17030 | -2/Research | Identified exit to Access 17102 | -2/Research | Discovered exit to Quarantine (range 13) 17105 | -2/Research | Entered Quarantine 17106 | -2/Quarantine | Maximum security lockdown engaged 17109 | -2/Quarantine | Found Alien Artifact 17109 | -2/Quarantine | Identified Core Reset Matrix (x2) 17109 | -2/Quarantine | Identified Core Regenerator 17109 | -2/Quarantine | Used Core Reset Matrix 17113 | -2/Quarantine | Detected hypermatrix surge 17113 | -2/Quarantine | Sensed 14 artifacts in vicinity 17119 | -2/Quarantine | Found Hpw. Transdimensional Reconstructor 17140 | -2/Quarantine | Warped through subspace 17142 | -2/Quarantine | Spotted Alpha 7 17156 | -2/Quarantine | Met incapacitated Sigix Warrior 17156 | -2/Quarantine | Lockdown squad dispatched 17164 | -2/Quarantine | Found Sigix Containment Pod 17166 | -2/Quarantine | Spotted Lightning 17166 | -2/Quarantine | Spotted Lightning 17166 | -2/Quarantine | Spotted Lightning 17213 | -2/Quarantine | Warped through subspace 17236 | -2/Quarantine | Found Subatomic Replicator 17248 | -2/Quarantine | Found Sigix Corpse 17252 | -2/Quarantine | Found Sigix Corpse 17255 | -2/Quarantine | Intercept squad dispatched 17263 | -2/Quarantine | Spotted Tracker 17263 | -2/Quarantine | Spotted Tracker 17274 | -2/Quarantine | Spotted Combat Programmer 17292 | -2/Quarantine | Used Core Regenerator, restored core integrity (+362) 17293 | -2/Quarantine | Released all parts (10) 17310 | -2/Quarantine | Core integrity fell below 50% 17311 | -2/Quarantine | Used Subatomic Replicator to replicate Sigix Corpse 17315 | -2/Quarantine | Spotted Combat Programmer 17323 | -2/Quarantine | Lost 13 parts (2p6n5u) 17325 | -2/Quarantine | Scanned by Researcher 17329 | -2/Quarantine | Core integrity fell below 20% 17336 | -2/Quarantine | Destroyed by G-73 Enforcer with Heavy Laser Last Messages --------------- 17330_ Stasis bubble strength at 176. 17330_ L-61 Swordsman stasis bubble strength at 95. 17331_ Stasis bubble strength at 170. 17331_ L-61 Swordsman stasis bubble strength at 74. 17332_ Penetrated by EMDS Slug. 17332_ Stasis bubble strength at 164. 17332_ Tracker Prototype Flight Unit temporarily disabled. 17332_ Held in stasis. 17332_ Investigator is analyzing... 17332_ L-61 Swordsman stasis bubble strength at 53. 17333_ Stasis bubble strength at 158. 17333_ L-61 Swordsman stasis bubble strength at 32. 17334_ Combat Programmer resets Tracker, system corruption cleaned. 17334_ Stasis bubble strength at 152. 17334_ L-61 Swordsman stasis bubble strength at 11. 17335_ Stasis bubble strength at 146. 17335_ Held in stasis. 17335_ Investigator is analyzing... 17335_ L-61 Swordsman stasis bubble bursts. 17336_ EMDS Slug penetrates Wall. Map ----- +----------------------------------------------------+ | ?????????????????????????????????????????????????? | | ?????????????????????????????????????????????????? | | ?????????????????????????????????????????????????? | | ?????????????????????????????????????????????????? | | ?????????????????????????????????????????????????? | | ?????????????????????????????????????????????????? | | ?????????????????????????????????????????????????? | | ?????????????????????????????????????????????????? | | ?????????????????????????????????????????????????? | | ?????????????????????????????????????????????????? | | ?????????????????????????????????????????????????? | | ?????????????????????????????????????????????????? | | ?????????????????????????????????????????????????? | | ?????????????????????????????????????????????????? | | ?????????????????????????????????????????????????? | | ?????????????????????????????????????????????????? | | ???????????????Y?????????????????????????????????? | | ??????????????Y?Y????????????????????????????????? | | ???????????????Y?????????????????????????????????? | | ?????????????????????????????????????????????????? | | ???????????????########??????????????????????????? | | ???????????????# ?????????????????????????? | | ???????????????# ?????????????????????????? | | ???????????????+ "" l ????????????????????????? | | ????????????? ?# """ cgg##########??????????????? | | ????????????" ?# "!" g@ p #??????????????? | | ???????????"" ?# """ e#ss #??????????????? | | ???????????"" # "" # """ " #??????????????? | | ??????????? # ?# "" " #??????????????? | | ???????"" """ #########?# """ #??????????????? | | ???????"" """ ??????????#p"!" #??????????????? | | ???????"" """ #?????????# g"" #??????????????? | | ???????? #?????????# #??????????????? | | ?????????? #?????????# #??????????????? | | ????????????# ###############g############??????? | | ????????????# gg g +??????? | | ??????? ????# g +??????? | | ??????# ???# +??????? | | ??????# "???#w +??????? | | ??????# ""??# ####################+#####??????? | | ??????# "" ?# # #?????????????????????? | | ??????# " # # """"" #?????????????????????? | | ??????# "" # %/" "" " #?????????????????????? | | ??????# "" + # """ #?????????????????????? | | ??????# "" # # "]=== #?????????????????????? | | ??????# " # # """]!/#?????????????????????? | | ??????# ?# # =!/ ####??????????????????? | | ??????# ??# # ! / #??????????????????? | | ??????###"### ##+######/# #??????????????????? | | ?????# #????# "##########????????? | +----------------------------------------------------+ Best States ------------- Heat Dissipation 120 Energy Generation 54 Energy Capacity 865 Matter Stores 300 Matter Capacity 300 Sight Range 24 Robot Scan Range 16 Terrain Scan Density 10 Jamming Range 16 Power Amplification 30 Armor Coverage 400 Core Shielding 30 Weapon Cycling 20 Melee Speed Boost 20 Evasion (%) 79 Recoil Reduction 4 Energy Filtering 45 Salvage Targeting 3 Offensive Hacking 22 Defensive Hacking 39 Authchip Count 1 Item Schematics ----------------- None Robot Schematics ------------------ None Fabricated ------------ Imp. Cesium-ion Thruster | x1 | -7/Factory | Authchip Imp. Cesium-ion Thruster | x1 | -7/Factory Cld. Nuclear Pulse Thruster | x1 | -3/Research | Authchip Repaired ---------- Lgt. Treads | 5% | -10/Materials | Broken Lgt. Armor Plating | 13% | -10/Materials Mak. Hammer | 37% | -4/Factory Studied --------- None Alien Tech Used ----------------- Core Expander Integrated Dissipator Transdimensional Reconstructor Core Reset Matrix High-powered Transdimensional Reconstructor Core Regenerator Subatomic Replicator Achievements -------------- Coming In Hot Drive-By Challenges ------------ None Game ------ Seed SegregatorCoilChainsword Manual? 0 Play Time 04:31:19 Cumulative 279.3 hours Start 2026.02.17 @ 21:05:24 End 2026.02.18 @ 22:36:16 Sessions 5 Manual Loads 0 Difficulty Rogue Special Mode None Game No. 230 Rogue 230 Adventurer 0 Explorer 0 Win Type - Total 16 Types 7/0/7/2/0/0/0/0/0/0 Lore% 82 Gallery% 71 Achievement% 53 Wizard Run 0 Options --------- Layout 1 ASCII 0 Keyboard 0 Movement Numpad Keybinds 0 Fullscreen 1 Font 32/SmallcapsGlow Map View 77x35 Zoom Use 0% Tactical HUD 1 Map Filters NONE Filters NONE Steam 1 RUN: cabc4739-f530-4d8a-8cd6-42a923ba6c4f